 Dungeon Sprint DCSS version 0.28-a0-863-g8cecda6153 (webtiles) character file.

Game seed: 10648788056727961101

1763 emperorscorpion the Thaumaturge (level 9, -3/55 HPs)
             Began as a Djinni Air Elementalist on Nov 18, 2021.
             Was a Believer of Makhleb.
             Slain by a cyclops (20 damage)
             ... in the Dungeon (Sprint IX: "|||||||||||||||||||||||||||||").
             The game lasted 00:05:57 (1020 turns).

emperorscorpion the Thaumaturge (DjAE)              Turns: 1020, Time: 00:05:57

Health: -3/55      AC:  8    Str:  7    XL:     9   Next: 27%
Gold:   0          EV:  7    Int: 23    God:    Makhleb [**....] SH:  0 Dex: 14

rFire   + + .      SeeInvis .   j - +2 morningstar (protect)
rCold   x . .      Faith    .   (no shield)
rNeg    . . .      Spirit   .   n - +1 scale mail
rPois   ∞          Reflect  .   (no helmet)
rElec   .          Harm     .   (no cloak)
rCorr   .          Rampage  .   (no gloves)
Will    .....      NoTele   +   (boots unavailable)
Stlth   +.........              (no amulet)
HPRegen 0.18/turn               o - +3 ring of intelligence
MPRegen 0.00/turn               p - +2 ring of evasion

@: petrifying (expiring), flying, invisible, very slow
A: sickness immunity, fire resistance 2, cold vulnerability 1, float, innate
caster, hp casting, extra vitality 1
a: Renounce Religion, Minor Destruction


You were in the Dungeon.
You worshipped Makhleb.
Makhleb was pleased with you.
You visited 1 branch

Inventory:

Hand Weapons
 g - a +0 club
 j - a +2 morningstar of protection (weapon)
 k - a +2 rapier of draining
 l - a +2 scimitar of flaming
Armour
 a - a +0 robe
 m - a +0 pair of gloves
 n - a +1 scale mail (worn)
Jewellery
 o - a +3 ring of intelligence (left hand)
 p - a +2 ring of evasion (right hand)
Wands
 i - a wand of iceblast (5)
Scrolls
 f - 2 scrolls of blinking
Potions
 b - 5 potions of curing
 c - a potion of heal wounds
 d - a potion of haste
 e - a potion of berserk rage


   Skills:
 + Level 0.3 Fighting
 + Level 5.7 Armour
 + Level 6.4 Dodging
 - Level 3.5 Stealth
 + Level 12.6 Spellcasting
 * Level 7.1 Invocations
 - Level 2.0 Evocations


You had 15 spell levels left.
You knew the following spells:

 Your Spells              Type           Power      Damage    Failure   Level
a - Shock                 Conj/Air       100%       1d9       1%          1
b - Static Discharge      Conj/Air       64%        N/A       1%          2
c - Swiftness             Air            64%        N/A       1%          3
d - Airstrike             Air            32%        N/A       2%          4
e - Summon Small Mammal   Summ           100%       N/A       1%          1
f - Blink                 Tloc           100%       N/A       1%          2
g - Ensorcelled Hibernat  Hex/Ice        100%       N/A       1%          2
h - Confusing Touch       Hex            64%        N/A       1%          3
Your spell library was empty.

Dungeon Overview and Level Annotations

Branches:
Dungeon (1/1)

Altars:
Cheibriados
Dithmenos
Elyvilon
Fedhas
Gozag
Hepliaklqana
Kikubaaqudgha
Makhleb
Nemelex Xobeh
Okawaru
Qazlal
Ru
Sif Muna
Trog
Uskayaw
Vehumet
Wu Jian
Xom
Yredelemnul
Zin
The Shining One
Beogh
Jiyva
Lugonu


Innate Abilities, Weirdness & Mutations

You are immune to sickness and miasma.
You are immune to poison.
Your flesh is very heat resistant. (rF++)
You are vulnerable to cold. (rC-)
You float through the air rather than walking.
You learn spells naturally, not from books.
Your magical power is your life essence.
You have superior vitality. (+4 HP)


Message History

Confirm with . or Enter, or press ? or * to list all spells.
You blink.
* * * LOW HITPOINT WARNING * * *
Casting: Blink (safe; 1% risk of failure)
Confirm with . or Enter, or press ? or * to list all spells.
You blink.
* * * LOW HITPOINT WARNING * * *
The catoblepas breathes a plume of calcifying dust at you.
The blast of calcifying dust hits you.
* * * LOW HITPOINT WARNING * * *
Casting: Blink (safe; 1% risk of failure)
Confirm with . or Enter, or press ? or * to list all spells.
You blink.
* * * LOW HITPOINT WARNING * * *
You feel much better.
Aiming: Iceblast
Press: ? - help, Shift-Dir - straight line, f - catoblepas
Aim: a catoblepas (calcifying dust, moderately wounded)
The mass of ice explodes!
The iceblast engulfs the catoblepas!
The catoblepas is heavily wounded.
Casting: Blink (safe; 1% risk of failure)
Confirm with . or Enter, or press ? or * to list all spells.
The catoblepas is struck by an arc of lightning!
The catoblepas is heavily wounded.
You are struck by an arc of lightning.
The lightning grounds out.
The catoblepas breathes a plume of calcifying dust at you.
The blast of calcifying dust hits you but does no damage.
Unknown command.
Casting: Static Discharge (safe; 1% risk of failure)
Confirm with . or Enter, or press ? or * to list all spells.
You blink.
You are slowing down.
Casting: Blink (safe; 1% risk of failure)
Confirm with . or Enter, or press ? or * to list all spells.
You blink.
The catoblepas gores you.
Your limbs are stiffening.
Unknown command.
Casting: Blink (safe; 1% risk of failure)
Confirm with . or Enter, or press ? or * to list all spells.
You blink.
The cyclops hits you!!
You die... ▓▓▓▓▓▓▓▓▓▓▓▓▓▓▓▓▓▓▓▓▓▓▓▓▓ ▓§Y§.'..@Ce'[°°E.+_______ ▓▓▓▓▓▓▓▓▓▓▓▓▓▓▓▓▓▓▓▓▓▓▓▓▓

You could see a catoblepas, a cyclops, a deep elf pyromancer and a fire elemental (summoned, wandering).

Vanquished Creatures
  2 two-headed ogres (D)
  A yak (D)
  An orc warrior (D)
  A black bear (D)
  A wight (D)
  A hound (D)
  A jelly (D)
  An orc wizard (D)
  An ufetubus (D)
  An orc (D)
  3 bats (D)
  A goblin (D)
  A hobgoblin (D)
  A quokka zombie (D)
17 creatures vanquished.

Vanquished Creatures (others)
  A troll (D)
1 creature vanquished.

Grand Total: 18 creatures vanquished

Notes
Turn   | Place    | Note
-------+----------+-------------------------------------------
     0 | D        | emperorscorpion the Djinni Air Elementalist began the quest
                  | for the Orb.
     0 | D        | Reached XP level 1. HP: 15/15 MP: 0/0
     6 | D        | Reached skill level 3 in Spellcasting
     7 | D        | Reached XP level 2. HP: 15/21 MP: 0/0
    82 | D        | Noticed a black bear
    87 | D        | Reached skill level 5 in Spellcasting
    87 | D        | Reached XP level 3. HP: 7/25 MP: 0/0
    87 | D        | Learned a level 1 spell: Summon Small Mammal
   313 | D        | Killed a black bear
   314 | D        | Reached skill level 7 in Spellcasting
   314 | D        | Reached XP level 4. HP: 6/31 MP: 0/0
   314 | D        | Reached XP level 5. HP: 6/35 MP: 0/0
   314 | D        | Learned a level 2 spell: Blink
   589 | D        | Found a snail-covered altar of Cheibriados.
   589 | D        | Found a shadowy altar of Dithmenos.
   589 | D        | Found a white marble altar of Elyvilon.
   589 | D        | Found a blossoming altar of Fedhas.
   589 | D        | Found an opulent altar of Gozag.
   590 | D        | Found a hazy altar of Hepliaklqana.
   591 | D        | Found a viscous altar of Jiyva.
   593 | D        | Found a corrupted altar of Lugonu.
   594 | D        | Found a burning altar of Makhleb.
   595 | D        | Found a sparkling altar of Nemelex Xobeh.
   596 | D        | Found an iron altar of Okawaru.
   597 | D        | Found a stormy altar of Qazlal.
   598 | D        | Found a sacrificial altar of Ru.
   600 | D        | Found a bloodstained altar of Trog.
   601 | D        | Found a hide-covered altar of Uskayaw.
   602 | D        | Became a worshipper of Makhleb the Destroyer
   604 | D        | Found an ornate altar of the Wu Jian Council.
   605 | D        | Found a shimmering altar of Xom.
   606 | D        | Found a basalt altar of Yredelemnul.
   607 | D        | Found a glowing silver altar of Zin.
   608 | D        | Found a glowing golden altar of the Shining One.
   672 | D        | Noticed a two-headed ogre
   672 | D        | Noticed an orc warrior
   672 | D        | Noticed a yak
   708 | D        | Reached skill level 1 in Armour
   708 | D        | Reached skill level 8 in Spellcasting
   708 | D        | Reached skill level 1 in Invocations
   708 | D        | Reached XP level 6. HP: 27/40 MP: 0/0
   711 | D        | Killed a two-headed ogre
   711 | D        | Reached * piety under Makhleb
   712 | D        | Reached skill level 5 in Armour
   712 | D        | Reached skill level 5 in Dodging
   712 | D        | Reached skill level 10 in Spellcasting
   712 | D        | Reached skill level 5 in Invocations
   712 | D        | Reached skill level 1 in Evocations
   712 | D        | Reached XP level 7. HP: 28/45 MP: 0/0
   712 | D        | Learned a level 2 spell: Ensorcelled Hibernation
   712 | D        | Reached XP level 8. HP: 31/50 MP: 0/0
   781 | D        | Killed a yak
   782 | D        | Reached skill level 11 in Spellcasting
   829 | D        | Reached ** piety under Makhleb
   935 | D        | Noticed a troll
   935 | D        | Noticed a two-headed ogre
   935 | D        | Noticed a catoblepas
   935 | D        | Noticed a cyclops
   935 | D        | Noticed a deep elf pyromancer
   993 | D        | Killed a troll
  1009 | D        | Killed a two-headed ogre
  1010 | D        | Reached skill level 12 in Spellcasting
  1010 | D        | Reached XP level 9. HP: 21/55 MP: 0/0
  1010 | D        | Learned a level 3 spell: Confusing Touch
  1020 | D        | Slain by a cyclops

Illustrated notes

Levels and vault maps discovered:
D:        linesprint [early_d, line_temple, items_1, d_10, items_2, lair_1,
          lair_end, items_3, orc_1, orc_end, items_4, d_15, swamp_1, shoals_1,
          snake_1, spider_1, d_20, vaults_1, items_5, swamp_end, shoals_end,
          snake_end, spider_end, vaults_end, d_27, items_6, zot_1, zot_end,
          crypt_end, forest_end, elf_end, slime_end, tomb_end, abyss_end,
          pan_hell_end]

Skill      XL: |  1  2  3  4  5  6  7  8 |
---------------+-------------------------+-----
Spellcasting   | 3 5 7 8 10 12 | 12.6
Stealth        | 2 3 |  3.5
Dodging        | 3 4 5 6 |  6.4
Armour         | 1 5 |  5.7
Invocations    | 1 5 7 |  7.1
Evocations     | 1 2 |  2.0
Fighting       | |  0.3

Action                   |  1- 3 |  4- 6 |  7- 9 || total
-------------------------+-------+-------+-------++-------
 Cast: Shock             |     9 |    10 |    27 ||    46
       Static Discharge  |     4 |     3 |     5 ||    12
       Blink             |       |     2 |    15 ||    17
       Swiftness         |       |     1 |       ||     1
       Ensorcelled Hiber |       |       |     2 ||     2
Evoke: Wand              |       |     3 |     2 ||     5
  Use: Potion            |       |       |     3 ||     3
Armor: Scale mail        |       |       |     2 ||     2
Dodge: Dodged            |     2 |     1 |     2 ||     5

Table legend: (Time is in decaauts)
 A = Elapsed time spent in this place.
 B = Non-inter-level travel time spent in this place.
 C = Inter-level travel time spent in this place.
 D = Time resting spent in this place.
 E = Time spent auto-exploring this place.
 F = Levels seen in this place.
 G = Mean time per level.
                   A        B        C        D        E       F      G
               +--------+--------+--------+--------+--------+-----+--------+
         Total |   1015 |   1015 |      0 |    581 |    120 |   1 | 1015.0 |
       Dungeon |   1015 |   1015 |      0 |    581 |    120 |   1 | 1015.0 |
               +--------+--------+--------+--------+--------+-----+--------+

Top non-repeatable levels by time:
       D: 1015 daAuts
